 Dungeon Crawl Stone Soup version 0.20-a0-502-g555d78b (webtiles) character file.

298 Kwzr the Covered (level 6, -2/47 HPs)
             Began as a Demonspawn Fighter on Jan 20, 2017.
             Slain by Sigmund
             ... wielding a +2 scythe of freezing
              (6 damage)
             ... on level 3 of the Dungeon.
             The game lasted 00:14:03 (3111 turns).

Kwzr the Covered (Demonspawn Fighter)               Turns: 3111, Time: 00:14:04

Health: -2/47      AC:  8    Str: 15 (18) XL:     6   Next: 13%
Magic:  6/6        EV:  7    Int:  8 (9)  God:
Gold:   160        SH:  8    Dex: 10 (13) Spells: 5/5 levels left

rFire    . . .     SeeInvis .     - Unarmed
rCold    . . .     Gourm    .   a - +0 scale mail
rNeg     . . .     Faith    .   b - +0 shield
rPois    .         Spirit   .   (helmet restricted)
rElec    .         Reflect  .   (no cloak)
rCorr    .         Harm     .   h - +0 pair of gloves
MR       .....                  (no boots)
Stlth    ..........             (no amulet)
Regen    0.2/turn               (no ring)
                                (no ring)

@: no status effects
A: antennae 1, powered by death 2
a: no special abilities


You were on level 3 of the Dungeon.
You were not hungry.

You visited 1 branch of the dungeon, and saw 3 of its levels.

You collected 160 gold pieces.

Inventory:

Hand Weapons
 j - a +2 dagger of protection
Armour
 a - a +0 scale mail (worn)
 b - a +0 shield (worn)
 h - a +0 pair of gloves (worn)
 n - a +0 cloak
Jewellery
 q - an uncursed ring of fire
Scrolls
 k - 2 scrolls of enchant weapon
 l - 6 scrolls of identify
Potions
 f - a potion of brilliance
 s - a potion of cure mutation
Comestibles
 d - 4 bread rations
 i - a slice of pizza
 m - 3 meat rations
 r - 2 beef jerkies


   Skills:
 + Level 3.5 Fighting
 * Level 3.8 Armour
 + Level 1.2 Dodging
 * Level 3.7 Shields
 * Level 3.8 Unarmed Combat


You had 5 spell levels left.
You didn't know any spells.

Dungeon Overview and Level Annotations

Branches:
Dungeon (3/15)

Altars:

Annotations:
D:3 Sigmund


Innate Abilities, Weirdness & Mutations

You have a pair of small antennae on your head.
You regenerate health from kills.


Message History

* * * LOW HITPOINT WARNING * * *
Okay, then.
As you read the scroll labeled NEUROZ JUIJAHO, it crumbles to dust.
You feel aware of your surroundings.
It was a scroll of magic mapping.
You hear some strange, mumbled words.
A puff of flame appears from out of thin air!
The puff of flame misses you.
You hit something but do no damage.
You hear some strange, mumbled words.
Something tries to affect you, but you resist.
Sorry, you're not good enough to have a special ability.
You don't know any spells.
Okay, then.
Okay, then.
You aren't carrying any items that you can evoke.
You miss something. Something hits you but does no damage.
You closely miss something. Something hits you but does no damage.
You barely miss something. You miss something. Something hits you.
You die...

*,,,,,,,,***##...............#<..
***,,,,,,#...................).#.
,,,,,,,,,.....)..#.###.......#.#<
,,,,,,,,,......###.###.......####
,,,,****,........#..##.###.###,,,
,,,,* **,....................#,**
***** *,,............#.......#,*
,,,,* *,,......{...).#.......#,*
,,,,* *,,,,,,,,#@..).#.#######,**
,,,,* *,,,,,,,,#.....#.#######,,,
***** ***,,,,,,#.....#........,*,
*******#####...#######,*, ##..#
*,** #[.# *,,, ##># **** ###


There were no monsters in sight!

Vanquished Creatures
  A black bear (D:2)
  Crazy Yiuf (D:2)
  Jessica (D:3)
  An orc wizard (D:3)
  4 adders
  2 worms (D:2)
  A dart slug (D:2)
  4 leopard geckos
  5 orcs
  11 bats
  4 giant cockroaches
  5 hobgoblins
  4 jackals (D:3)
  6 kobolds
  A quokka (D:2)
  3 ball pythons
  4 frilled lizards (D:2)
  12 goblins
  8 rats
78 creatures vanquished.

Notes
Turn   | Place    | Note
-------+----------+-------------------------------------------
     0 | D:1      | Kwzr the Demonspawn Fighter began the quest for the Orb.
     0 | D:1      | Reached XP level 1. HP: 18/18 MP: 1/1
   142 | D:1      | Gained mutation: You have a pair of small antennae on your head. [demonic ancestry]
   142 | D:1      | Reached XP level 2. HP: 24/24 MP: 2/2
   617 | D:1      | You fall through a shaft!
   666 | D:2      | Gained mutation: You regenerate a little health from kills. [demonic ancestry]
   666 | D:2      | Reached XP level 3. HP: 19/29 MP: 3/3
  1010 | D:2      | HP: 1/29 [worm (8)]
  2019 | D:2      | Reached XP level 4. HP: 35/35 MP: 4/4
  2035 | D:2      | Found a runed door.
  2199 | D:2      | Noticed Crazy Yiuf
  2207 | D:2      | Killed Crazy Yiuf
  2207 | D:2      | Reached skill level 1 in Dodging
  2499 | D:3      | Noticed a black bear
  2550 | D:3      | Noticed Jessica
  2564 | D:2      | Killed a black bear
  2564 | D:2      | Reached XP level 5. HP: 15/41 MP: 5/5
  2836 | D:3      | Killed Jessica
  2919 | D:3      | Gained mutation: You regenerate health from kills. [demonic ancestry]
  2919 | D:3      | Reached XP level 6. HP: 26/47 MP: 6/6
  3059 | D:3      | Noticed Sigmund
  3111 | D:3      | Slain by Sigmund

Vault maps used:
D:1:      lemuel_arrival_lava_pool, supply_closet_lemuel, minmay_tetromino_s2
D:2:      first_bread, uniq_crazy_yiuf_cottage
D:3:      kennysheep_the_goblin_king, uniq_sigmund, uniq_jessica

Skill      XL: |  1  2  3  4 |
---------------+-------------+-----
Shields        | 3 |  3.7
Unarmed Combat | 2 3 |  3.8
Armour         | 3 |  3.8
Dodging        | 1 |  1.2
Fighting       | |  3.5

Action                   |  1- 3 |  4- 6 || total
-------------------------+-------+-------++-------
Melee: Unarmed           |   304 |   218 ||   522
  Use: Scroll            |     6 |     1 ||     7
       Potion            |       |     9 ||     9
  Eat: Chunk             |     4 |     4 ||     8
Armor: Scale mail        |   129 |    81 ||   210
Dodge: Dodged            |    78 |    64 ||   142
Block: Shield            |   137 |    91 ||   228
